 Dungeon Crawl Stone Soup version 0.23.1-37-gaa34b87 (webtiles) character file.

Game seed: 15771548008470221319

9291 kae the Martial Artist (level 11, -5/135 HPs)
             Began as a Demonspawn Skald on Mar 22, 2019.
             Was a Priest of Wu Jian.
             Slain by a wight
             ... wielding a +3 battleaxe of freezing
              (11 damage)
             ... on level 14 of the Dungeon.
             The game lasted 00:14:06 (11433 turns).

kae the Martial Artist (Demonspawn Skald)          Turns: 11433, Time: 00:14:06

Health: -5/135     AC: 27    Str: 12    XL:     11   Next: 21%
Magic:  1/19       EV:  2    Int: 14    God:    Wu Jian [***...]
Gold:   514        SH:  0    Dex: 16    Spells: 11/20 levels left

rFire    . . .     SeeInvis .     - Unarmed
rCold    . . .     Gourm    +   (no shield)
rNeg     + + +     Faith    .   (armour currently unavailable)
rPois    +         Spirit   .   (helmet currently unavailable)
rElec    .         Reflect  .   (cloak currently unavailable)
rCorr    .         Harm     .   (gloves currently unavailable)
MR       .....     NoTele   +   (boots currently unavailable)
Stlth    +.........             b - amulet of the gourmand
HPRegen  1.32/turn              u - +2 ring of protection
MPRegen  0.16/turn              D - ring of wizardry

@: tree-form, infused, regenerating (expiring)
A: rugged brown scales 2
a: Wall Jump, Serpent's Lash, Renounce Religion


You were on level 14 of the Dungeon.
You worshipped Wu Jian.
Wu Jian was most pleased with you.
You were very full.
You were a tree.
You visited 2 branches of the dungeon, and saw 13 of its levels.

You collected 514 gold pieces.

Inventory:

Missiles
 l - 335 stones (quivered)
Armour
 a - a +0 leather armour
 d - a +0 ring mail
 e - a +0 helmet (melded)
 f - a +0 cloak
 r - a +1 pair of gloves (melded)
 t - +0 fire dragon scales (melded)
 E - a +1 cloak of poison resistance (melded)
Jewellery
 b - an amulet of the gourmand (around neck)
 u - a +2 ring of protection (left branch)
 x - an uncursed amulet of rage
 z - an uncursed amulet of magic regeneration
 C - a +5 ring of intelligence
 D - a ring of wizardry (right branch)
 I - an uncursed ring of ice
Wands
 y - a wand of digging (9)
 B - a wand of acid (11)
 F - a wand of polymorph (10)
 G - a wand of iceblast (12)
Scrolls
 g - 3 scrolls of remove curse
 m - 2 scrolls of teleportation
 q - 4 scrolls of enchant weapon
 w - 4 scrolls of enchant armour
 H - a scroll of amnesia
 K - a scroll of identify
Potions
 h - 6 potions of curing
 j - 2 potions of magic
 k - a potion of might
 n - a potion of berserk rage
 o - 2 potions of agility
 p - 3 potions of heal wounds
 s - 5 potions of haste
 v - a potion of degeneration {unknown}
 A - a potion of brilliance {unknown}
 J - a potion of experience {unknown}
Comestibles
 c - 21 rations


   Skills:
 + Level 7.8 Fighting
 + Level 6.7 Armour
 - Level 5.3 Dodging
 * Level 8.5 Unarmed Combat
 - Level 5.4 Spellcasting
 + Level 7.4 Charms


You had 11 spell levels left.
You knew the following spells:

 Your Spells              Type           Power        Failure   Level  Hunger
a - Infusion              Chrm           ###.         1%          1    None
b - Song of Slaying       Chrm           ###.....     1%          2    ##.....
c - Shroud of Golubria    Chrm/Tloc      ##........   2%          2    ##.....
d - Regeneration          Chrm/Necr      ##........   4%          3    ###....
e - Sandblast             Erth           #.....       7%          1    None

Your spell library contained the following spells:

 Spells                   Type           Power        Failure   Level  Hunger
 Spectral Weapon          Hex/Chrm       ##......     4%          3    ###....
 Corona                   Hex            #......      7%          1    None
 Sting                    Conj/Pois      #...         7%          1    None
 Ensorcelled Hibernation  Hex/Ice        #.....       11%         2    ##.....
 Passwall                 Tmut/Erth      #.......     11%         2    ##.....
 Poisonous Vapours        Pois/Air       #.....       11%         2    ##.....
 Confuse                  Hex            #.......     21%         3    ###....
 Dazzling Spray           Conj/Hex       #.....       21%         3    ###....
 Mephitic Cloud           Conj/Pois/Air  #.......     21%         3    ###....
 Stone Arrow              Conj/Erth      #.....       21%         3    ###....
 Tukima's Dance           Hex            #.......     21%         3    ###....
 Olgreb's Toxic Radiance  Pois           #.......     52%         4    ####...
 Petrify                  Tmut/Erth      #.......     52%         4    ####...
 Lee's Rapid Deconstruct  Erth           #.........   86%         5    ######.
 Venom Bolt               Conj/Pois      #.........   86%         5    ######.


Dungeon Overview and Level Annotations

Branches:
Dungeon (11/15)            Temple (1/1) D:5            Lair (0/6) D:9
    Orc (0/2) D:9

Altars:
Ashenzari
Cheibriados
Dithmenos
Elyvilon
Fedhas
Gozag
Hepliaklqana
Kikubaaqudgha
Makhleb
Nemelex Xobeh
Okawaru
Qazlal
Ru
Sif Muna
Trog
Uskayaw
Vehumet
Wu Jian
Xom
Yredelemnul
Zin
The Shining One

Shops:
D:10 =


Innate Abilities, Weirdness & Mutations

((You have razor-sharp toenails.))
(You are mostly covered in rugged brown scales. (AC +2, +5% HP))
((You are mostly covered in sharp spines.))


Message History

The wight freezes you.
* * * LOW HITPOINT WARNING * * *
The wight hits you but does no damage.
The bullfrog hits you but does no damage.
The howler monkey hits you.
* * * LOW HITPOINT WARNING * * *
The yak gores you.
* * * LOW HITPOINT WARNING * * *
The yak gores you.
* * * LOW HITPOINT WARNING * * *
The yak gores you!
* * * LOW HITPOINT WARNING * * *
You hit the howler monkey. You punch the howler monkey.
You kill the howler monkey!
The Council accepts your kill. The wight hits you but does no damage.
The yak gores you but does no damage.
The bullfrog hits you but does no damage.
The wight hits you but does no damage.
The wight hits you with a +3 battleaxe of freezing!
You die...

....#..##
#........
#........ .
........# ..
........####...
#.....YY.....#
......YYYo...#
#.YY♣F...#
##.†zzz...#
###........
.........
.........
.....≈≈≈≈.
.#......≈.
.##...≈≈≈≈.


You could see 7 yaks, an orc warrior, a bullfrog and 3 wights.

Vanquished Creatures
  Erica (D:8)
  2 two-headed ogres (D:10)
  Pikel (D:8)
  A cyclops (D:11)
  Joseph (D:9)
  Maurice (D:8)
  A centaur skeleton (D:10)
  Prince Ribbit (D:7)
  2 hippogriffs
  A yak (D:11)
  A wyvern (D:9)
  2 hungry ghosts
  2 water moccasins
  An ice beast (D:7)
  2 orc warriors
  A sky beast (D:8)
  A slave (D:8)
  A black bear (D:7)
  A necrophage (D:10)
  6 ogres
  2 centaurs
  2 phantoms
  A hornet zombie (D:8)
  A crocodile (D:7)
  Blork the orc (D:6)
  A wyvern zombie (D:7)
  3 big kobolds
  6 bullfrogs
  A scorpion (D:6)
  12 killer bees
  8 howler monkeys
  A bullfrog zombie (D:11)
  3 crimson imps
  5 jellies
  2 hounds
  Crazy Yiuf (D:7)
  2 orc priests (D:8)
  A bullfrog skeleton (D:5)
  3 iguanas
  6 orc wizards
  6 worker ants
  2 hound zombies
  2 hound skeletons (D:4)
  10 adders
  A shadow imp (D:8)
  An ooze (D:2)
  2 adder zombies
  3 adder skeletons
  3 worms
  A dart slug (D:2)
  3 leopard geckos
  22 orcs
  6 giant cockroaches
  4 goblins
  7 hobgoblins
  7 jackals
  17 kobolds
  5 quokkas
  A ball python (D:2)
  13 bats
  5 frilled lizards
  A jackal skeleton (D:5)
  2 leopard gecko skeletons
  A leopard gecko zombie (D:5)
  8 rats
225 creatures vanquished.

Vanquished Creatures (others)
  A leopard gecko (D:9)
  A kobold (D:9)
2 creatures vanquished.

Grand Total: 227 creatures vanquished

Notes
Turn   | Place    | Note
-------+----------+-------------------------------------------
     0 | D:1      | kae the Demonspawn Skald began the quest for the Orb.
     0 | D:1      | Reached XP level 1. HP: 16/16 MP: 3/3
   184 | D:1      | Reached skill level 1 in Armour
   329 | D:1      | Gained mutation: You are partially covered in rugged brown
                  | scales. (AC +1, +3% HP) [demonic ancestry]
   329 | D:1      | Reached XP level 2. HP: 13/22 MP: 1/5
   970 | D:1      | Reached skill level 2 in Unarmed Combat
  1330 | D:2      | Found a faded altar of an unknown god.
  1338 | D:2      | Gained mutation: You are mostly covered in rugged brown
                  | scales. (AC +2, +5% HP) [demonic ancestry]
  1338 | D:2      | Reached XP level 3. HP: 20/28 MP: 6/6
  1788 | D:2      | Found a sparkling altar of Nemelex Xobeh.
  2043 | D:2      | Gained mutation: You have sharp toenails. [demonic
                  | ancestry]
  2043 | D:2      | Reached XP level 4. HP: 23/35 MP: 7/7
  3279 | D:4      | Found a deep blue altar of Sif Muna.
  3279 | D:4      | Found a radiant altar of Vehumet.
  3381 | D:4      | Found a shadowy altar of Dithmenos.
  3397 | D:4      | Reached XP level 5. HP: 34/42 MP: 4/9
  3792 | D:4      | Gained mutation: You are partially covered in sharp spines.
                  | [demonic ancestry]
  3792 | D:4      | Reached XP level 6. HP: 43/49 MP: 2/10
  4174 | D:5      | Entered Level 5 of the Dungeon
  4266 | D:5      | Found a white marble altar of Elyvilon.
  4273 | D:5      | Reached skill level 3 in Unarmed Combat
  4471 | D:5      | Found a staircase to the Ecumenical Temple.
  4494 | Temple   | Entered the Ecumenical Temple
  4675 | Temple   | Became a worshipper of the Wu Jian Council
  4735 | D:5      | Found a shattered altar of Ashenzari.
  5262 | D:6      | Reached XP level 7. HP: 53/54 MP: 7/12
  5430 | D:6      | Noticed Blork the orc
  5441 | D:6      | Killed Blork the orc
  5885 | D:6      | Learned a level 2 spell: Song of Slaying
  5888 | D:6      | Learned a level 2 spell: Shroud of Golubria
  5892 | D:6      | Learned a level 3 spell: Regeneration
  5894 | D:6      | Learned a level 1 spell: Sandblast
  6109 | D:7      | Noticed Prince Ribbit
  6138 | D:7      | Killed Prince Ribbit
  6138 | D:7      | Reached XP level 8. HP: 11/63 MP: 6/14
  6419 | D:7      | Found a runed translucent door.
  6420 | D:7      | Noticed Crazy Yiuf
  6471 | D:7      | Reached skill level 4 in Unarmed Combat
  6995 | D:7      | Reached * piety under Wu Jian
  7032 | D:7      | Reached skill level 5 in Fighting
  7315 | D:7      | Reached skill level 5 in Charms
  7621 | D:7      | Killed Crazy Yiuf
  7756 | D:8      | Gained mutation: You have razor-sharp toenails. [demonic
                  | ancestry]
  7756 | D:8      | Reached XP level 9. HP: 70/71 MP: 9/16
  7826 | D:8      | Found a hazy altar of Hepliaklqana.
  8090 | D:8      | Reached skill level 5 in Spellcasting
  8432 | D:8      | Reached skill level 5 in Dodging
  8445 | D:8      | Noticed Maurice
  8690 | D:8      | Noticed Erica
  8720 | D:8      | Killed Erica
  8720 | D:8      | Reached skill level 5 in Unarmed Combat
  9033 | D:7      | Reached skill level 5 in Armour
  9270 | D:8      | Killed Maurice
  9332 | D:8      | Found an ornate altar of the Wu Jian Council.
  9439 | D:8      | Found an ancient bone altar of Kikubaaqudgha.
  9500 | D:9      | Noticed Joseph
  9507 | D:8      | Reached ** piety under Wu Jian
  9507 | D:8      | Gained mutation: You are mostly covered in sharp spines.
                  | [demonic ancestry]
  9507 | D:8      | Reached XP level 10. HP: 77/80 MP: 18/18
  9508 | D:8      | Reached skill level 6 in Unarmed Combat
  9522 | D:9      | Noticed Pikel
  9660 | D:8      | Killed Pikel
  9734 | D:9      | Killed Joseph
  9900 | D:9      | Found a staircase to the Orcish Mines.
  9988 | D:9      | Found a staircase to the Lair.
 10175 | D:10     | Entered Level 10 of the Dungeon
 10240 | D:10     | Reached skill level 7 in Unarmed Combat
 10458 | D:10     | Noticed a two-headed ogre
 10472 | D:10     | Killed a two-headed ogre
 10623 | D:10     | Found Ygezxer's Jewellery Shop.
 10688 | D:10     | Found a stormy altar of Qazlal.
 10739 | D:10     | Noticed a two-headed ogre
 10755 | D:10     | Killed a two-headed ogre
 10755 | D:10     | Reached skill level 8 in Unarmed Combat
 10993 | D:10     | Reached XP level 11. HP: 80/88 MP: 19/19
 11146 | D:10     | Reached *** piety under Wu Jian
 11408 | D:11     | You fall through a shaft for 3 floors!
 11408 | D:14     | Found a shimmering altar of Xom.
 11408 | D:14     | Found the +7 mace of Variability {chain chaos}
 11413 | D:14     | Noticed a tengu warrior
 11416 | D:14     | Noticed an orc sorcerer
 11416 | D:14     | Noticed a vault guard
 11416 | D:14     | Noticed an orc sorcerer
 11419 | D:14     | Noticed a centaur warrior
 11432 | D:14     | HP: 5/135 [yak (8)]
 11433 | D:14     | Slain by a wight

Skill      XL: |  1  2  3  4  5  6  7  8  9 10 |
---------------+-------------------------------+-----
Armour         | 1 2 3 4 5 6 |  6.7
Dodging        | 2 3 4 5 |  5.3
Unarmed Combat | 2 3 4 5 8 |  8.5
Charms         | 3 4 5 6 7 |  7.4
Fighting       | 3 4 5 6 7 |  7.8
Spellcasting   | 3 4 5 |  5.4

Action                   |  1- 3 |  4- 6 |  7- 9 | 10-12 || total
-------------------------+-------+-------+-------+-------++-------
Melee: Unarmed           |   297 |   212 |   266 |   227 ||  1002
       Punch             |     1 |     2 |     5 |     4 ||    12
       Kick              |       |    45 |    80 |    84 ||   209
 Cast: Infusion          |    10 |    19 |    20 |    11 ||    60
       Regeneration      |       |       |     1 |     5 ||     6
       Shroud of Golubri |       |       |     4 |     5 ||     9
       Song of Slaying   |       |       |     2 |       ||     2
       Sandblast         |       |       |     1 |     1 ||     2
Invok: Lunge             |       |     1 |    10 |    10 ||    21
       Whirlwind         |       |       |     5 |    13 ||    18
  Use: Scroll            |       |    13 |     7 |     6 ||    26
       Potion            |       |       |     1 |     1 ||     2
 Stab: Invisible         |       |       |     1 |       ||     1
  Eat: Chunk             |     4 |    19 |    21 |    10 ||    54
Armor: Ring mail         |   158 |   108 |    57 |       ||   323
       Fire dragon scale |       |       |    29 |   115 ||   144
       Skin              |       |       |       |    65 ||    65
Dodge: Dodged            |   197 |   133 |   129 |   118 ||   577
